Map: Ley Lines

Players

Calyx

  • Race: Terran Terran
  • League: Master
  • Spawn Location: 1:00

A.I. 1 (Very Easy) - Winner!

  • Race: Protoss Protoss
  • Spawn Location: 7:00

VOD

Have the link to the VOD?

Description

Time

  • Played on: Oct. 24, 2025, 8:06 a.m.
  • Length: 6:50
Show
View Real Time Build Order
Export as new Build Order

Calyx Terran 

Build Orders: Reaper Expand 

Get SALT Encoding   

  12  0:00  SCV  
  13  0:12  SCV  
  14  0:16  Supply Depot  
  14  0:24  SCV  
  15  0:38  SCV  
  15  0:39  Barracks  
  16  0:44  Refinery  
  16  0:50  SCV  
  17  1:02  SCV  
  18  1:14  SCV  
  19  1:27  Orbital Command  
  19  1:28  Reaper  
  20  1:38  Command Center  
  20  1:49  Barracks  
  20  1:53  SCV  
  21  2:00  Barracks Reactor  
  21  2:02  Supply Depot  
  21  2:06  SCV  
  22  2:16  Barracks  
  22  2:18  SCV  
  23  2:30  SCV  
  24  2:37  Barracks Tech Lab  
  24  2:38  Marine x2  
  24  2:42  SCV  
  27  2:51  Orbital Command  
  27  2:54  SCV  
  27  2:55  Marine  
  27  2:56  Stimpack  
  27  2:57  Marine  
  27  2:58  Marine  
  31  3:03  Barracks Tech Lab  
  31  3:06  SCV  
  31  3:07  Supply Depot  
  32  3:13  Marine  
  32  3:14  Marine  
  32  3:17  SCV, Marine  
  32  3:18  SCV  
  37  3:21  Marine  
  37  3:22  Combat Shield  
  38  3:29  SCV  
  38  3:30  SCV  
  38  3:31  Supply Depot  
  40  3:34  Marine  
  40  3:36  Marine  
  42  3:41  SCV, Marauder  
  42  3:42  Marauder  
  42  3:45  SCV  
  42  3:47  Refinery  
  48  3:52  Marine, Supply Depot  
  48  3:54  SCV, Marine  
  51  3:57  SCV  
  52  4:03  Marauder  
  52  4:04  Marauder  
  52  4:07  SCV  
  52  4:09  SCV, Supply Depot  
  58  4:18  Marine x2  
  58  4:19  SCV  
  58  4:21  SCV  
  58  4:22  Factory  
  62  4:29  Marine x2  
  62  4:31  SCV  
  65  4:33  SCV  
  65  4:34  Engineering Bay  
  66  4:39  Supply Depot  
  66  4:41  Marine x2  
  66  4:43  SCV  
  69  4:45  SCV  
  69  4:48  Marine  
  69  4:49  Marine  
  72  4:55  SCV  
  72  4:58  SCV  
  74  5:05  Command Center  
  74  5:07  Starport, Factory Reactor  
  74  5:09  Marine x3  
  74  5:10  Marine  
  79  5:14  SCV x2  
  79  5:19  Refinery  
  80  5:26  SCV x2  
  80  5:27  Refinery, Marine, Concussive Shells  
  83  5:29  Marine x3  
  86  5:44  SCV, Supply Depot  
  86  5:45  SCV, Supply Depot  
  88  5:50  Factory Reactor  
  88  5:52  Medivac  
  88  5:55  Medivac  
  88  5:57  SCV x2  
  94  6:01  Supply Depot  
  94  6:02  Supply Depot  
  94  6:07  Bunker  
  94  6:09  SCV, Barracks  
  94  6:10  Barracks  
  95  6:14  SCV  
  95  6:16  Missile Turret  
  96  6:20  Orbital Command  
  96  6:21  SCV  
  101  6:27  SCV  
  102  6:33  SCV  
  102  6:38  Supply Depot x2  
Show
View Real Time Build Order
Export as new Build Order

A.I. 1 (Very Easy) Protoss - Winner!

Build Orders:  

Get SALT Encoding   

  12  0:00  Probe  
  13  0:13  Probe  
  14  0:19  Pylon  
  14  0:37  Assimilator  
  14  0:43  Gateway  
  14  0:46  Pylon  
  14  1:13  Assimilator  
  14  1:19  Probe  
  15  1:27  Probe  
  16  1:32  Cybernetics Core  
  16  1:35  Probe  
  17  1:46  Probe  
  18  1:57  Probe  
  19  2:05  Probe  
  19  2:06  Stalker  
  19  2:08  Warp Gate  
  22  2:33  Pylon  
  22  2:35  Stalker  
  24  2:59  Zealot  
  26  5:23  Probe  
  26  5:28  Zealot  
  29  5:30  Robotics Facility  
  29  5:31  Probe  
  30  5:40  Pylon  
  30  5:41  Probe  
  31  5:53  Probe  
  32  6:05  Probe  
  29  6:15  Probe  
  29  6:18  Observer  
  29  6:22  Zealot  
Tags
 
League
Master
Matchup
PvT
Spawn Locations
Cross Positions
Add a new tag
Caveats
  • Supply blocks, unpowered buildings, or Contaminate may cause inaccurate times.
  • Supply counts are checked every 10 seconds.